AoeStats
← Groblin Grealmer

Oasis

509259220Analyzed
3v3 RM · 6d ago on Sep 26, 2026· 50m 37s· 6 players
Game mode
Random Map
Map size
Normal (6 player)
Population
200
Speed
Normal
Resources
Standard
Victory
Conquest
Starting age
Dark Age
Ending age
Imperial Age
RankedLock teamsTeams togetherTeam positionsShared explorationLock speedFull tech treeHidden civsTurbo modeCheats
Victory
Defeat
🇺🇸 Vikings · United States
1073
+14
🇺🇸 Italians · United States
1063
+14
🇺🇸 Varangians · United States
1060
+14
🇹🇼 Varangians · Taiwan
1045
-15
🇦🇺 Danes · Australia
1031
-14
🇺🇸 Bohemians · United States
1003
-13
jussilliman
3:04 Loom
9:45 Feudal Age
20:20 Castle Age
20:33 Fletching
20:34 Double-Bit Axe
20:59 Pikeman
23:52 Chemistry
30:05 Squires
42:06 Imperial Age
41:53 Padded Archer Armor
45:55 Bodkin Arrow
48:32 Halberdier
poi
11:41 Feudal Age
18:32 Castle Age
20:41 Double-Bit Axe
24:03 Horse Collar
26:52 Heavy Plow
29:21 Scale Barding Armor
31:10 Bloodlines
31:01 Husbandry
31:38 Chain Barding Armor
32:57 Loom
33:35 Fortified Wall
39:58 Forging
40:29 Gold Mining
44:10 Imperial Age
42:03 Vendel Legacy
42:57 Stone Mining
45:54 Stone Shaft Mining
45:22 Cavalier
Temporal Anomaly
5:10 Loom
11:09 Feudal Age
15:55 Castle Age
15:11 Stone Mining
15:05 Horse Collar
15:14 Double-Bit Axe
17:18 Bow Saw
17:11 Heavy Plow
24:01 Squires
24:27 Gold Mining
26:10 Scale Mail Armor
27:55 Chain Mail Armor
31:37 Imperial Age
28:58 Town Watch
29:49 Wheelbarrow
30:14 Forging
31:33 Iron Casting
32:44 Elite Jomsviking
33:14 Arson
34:28 Conscription
33:33 Hamask
36:01 Plate Mail Armor
36:34 Blast Furnace
37:00 Pikeman
38:03 Hand Cart
38:05 Caravan
40:17 Halberdier
40:55 Fletching
42:37 Bodkin Arrow
42:42 Padded Archer Armor
43:05 Ballistics
43:46 Chemistry
42:42 Murder Holes
44:43 Onager
45:20 Elite Skirmisher
46:42 Bracer
46:58 Leather Archer Armor
47:24 Siege Onager
GroblinSlaw
11:34 Feudal Age
9:51 Loom
15:29 Castle Age
14:09 Double-Bit Axe
14:28 Horse Collar
15:54 Wheelbarrow
15:05 Town Watch
18:37 Bow Saw
19:09 Town Patrol
19:22 Husbandry
19:32 Bloodlines
19:30 Scale Barding Armor
19:35 Forging
25:10 Iron Casting
27:45 Heavy Plow
28:03 Hand Cart
30:50 Chain Barding Armor
35:50 Imperial Age
35:52 Vendel Legacy
36:55 Conscription
36:16 Cavalier
37:34 Plate Barding Armor
37:20 Elite Jarl
42:11 Blast Furnace
42:41 Caravan
Groblin Grealmer
10:31 Feudal Age
8:47 Loom
10:57 Man-at-Arms
19:06 Castle Age
18:42 Scale Barding Armor
20:39 Crossbowman
22:12 Fletching
24:07 Bodkin Arrow
24:22 Double-Bit Axe
36:40 Imperial Age
40:06 Imperial Age
40:33 Arbalester
42:08 Bracer
44:00 Padded Archer Armor
44:51 Ballistics
45:29 Leather Archer Armor
47:16 Ring Archer Armor
48:07 Chemistry
47:28 Elite Skirmisher
Goblinchavad
8:01 Loom
10:07 Feudal Age
12:35 Double-Bit Axe
14:00 Horse Collar
21:47 Castle Age
20:00 Fletching
20:38 Padded Archer Armor
21:53 Crossbowman
22:44 Thumb Ring
26:44 Wheelbarrow
27:02 Bow Saw
29:47 Heavy Plow
30:24 Hand Cart
36:08 Ballistics
35:49 Bodkin Arrow
36:10 Leather Archer Armor
40:43 Imperial Age
39:39 Gold Mining
39:39 Stone Mining
42:33 Stone Shaft Mining
42:16 Masonry
41:46 Arbalester
41:53 Elite Skirmisher
43:23 Hoardings
43:26 Conscription
44:46 Elite Genoese Crossbowman
45:42 Bracer
46:12 Ring Archer Armor
46:53 Chemistry
46:24 Architecture
47:31 Town Watch
47:50 Scale Mail Armor
48:01 Forging
47:58 Scale Barding Armor
Connection lost

Rejoining the realm…

Still unreachable

The connection could not be restored.

Session expired

The server has moved on; the page needs a fresh start.